 Dungeon Crawl Stone Soup version 0.31.0-9-g3a7656b989 (webtiles) character file.

Game seed: 2958064057577238834

93 qw the Shooter (level 4, -2/22 HPs)
             Began as a Spriggan Hunter on Feb 2, 2024.
             Frozen to death by an endoplasm (4 damage)
             ... on level 3 of the Dungeon.
             The game lasted 00:00:05 (1313 turns).

qw the Shooter (Spriggan Hunter)                    Turns: 1313, Time: 00:00:05

Health: -2/22      AC:  2    Str:  7    XL:     4   Next: 37%
Magic:  5/5        EV: 20    Int: 10    God:
Gold:   78         SH:  0    Dex: 20    Spells: 3/3 levels left

rFire   . . .        a - +0 shortbow
rCold   . . .        (shield currently unavailable)
rNeg    . . .        c - +0 robe
rPois   .            (helmet restricted)
rElec   .            (no cloak)
rCorr   .            (gloves unavailable)
SInv    +            (boots unavailable)
Will    .....        (no amulet)
Stlth   ++           (no ring)
HPRegen 0.23/turn    (no ring)
MPRegen 0.09/turn

%: no passive effects
@: mighty, very quick
A: very small, no large weapons, unfitting armour, see invisible, speed 3
a: no special abilities


You were on level 3 of the Dungeon.
You visited 1 branch of the dungeon, and saw 3 of its levels.

You collected 78 gold pieces.


Innate Abilities, Weirdness & Mutations

You are very small and have problems with some larger weapons.
You are too small for most types of armour.
You have supernaturally acute eyesight. (SInv)
You cover ground extremely quickly. (Speed+++)


   Skills:
 - Level 1.5 Fighting
 - Level 5.0 Ranged Weapons
 + Level 4.9 Dodging
 - Level 1.5 Stealth


You had 3 spell levels left.
You didn't know any spells.
Your spell library was empty.

Inventory:

Hand Weapons
 a - a +0 shortbow (weapon)
Armour
 c - a +0 robe (worn)
Jewellery
 d - a ring of fire
Potions
 b - a potion of might
 e - a potion of brilliance {unknown}
 g - a potion of cancellation {unknown}

Dungeon Overview and Level Annotations

Branches:
Dungeon (3/15)

Altars:


Message History

The gnoll misses you.
You shoot an arrow. The endoplasm quivers.
The arrow hits the gnoll.
You kill the gnoll!
You shoot an arrow. The arrow barely misses the endoplasm.
You shoot an arrow.
The arrow hits the gnoll but does no damage.
You shoot an arrow. The arrow hits the gnoll.
The gnoll is moderately wounded.
The endoplasm closely misses you.
You shoot an arrow. The arrow hits the gnoll.
The gnoll is heavily wounded.
The gnoll misses you.
The endoplasm jiggles.
The endoplasm barely misses you.
You shoot an arrow. The arrow completely misses the gnoll.
The endoplasm hits you. The gnoll barely misses you.
The gnoll completely misses you.
You shoot an arrow.
The arrow hits the gnoll but does no damage.
The gnoll is heavily wounded.
The endoplasm freezes you.
You are frozen.
The gnoll completely misses you. The gnoll hits you with a +0 flail.
You shoot an arrow.
The arrow hits the gnoll but does no damage.
The gnoll is heavily wounded.
The endoplasm completely misses you. The gnoll completely misses you.
The gnoll hits you with a +0 flail!
You shoot an arrow. The arrow barely misses the gnoll.
The endoplasm misses you. The gnoll completely misses you.
The gnoll barely misses you.
You shoot an arrow. The arrow hits the gnoll!
You kill the gnoll!
The endoplasm hits you. The gnoll closely misses you.
The gnoll completely misses you. The endoplasm freezes you.
You are frozen.
You die...

#...(..#
+......# ###
#......# ....
#......+.....
###......#.....
..
....#.........#
...
#<....)g).....
#..#..##.@#
.##..#....)J#
.........#..#
.....#...##.#
.#.......##.#
.............#
..#..(....##.#
#.........##.#
#..#.#..##.#


You could see a gnoll and an endoplasm.

Vanquished Creatures
  An adder (D:2)
  4 gnolls
  4 dart slugs
  4 ball pythons (D:1)
  2 endoplasms (D:1)
  2 giant cockroaches (D:1)
  3 hobgoblins
  2 jackals (D:2)
  4 kobolds
  2 quokkas (D:1)
  6 bats
  A frilled lizard (D:1)
  8 goblins
  5 rats
48 creatures vanquished.

Notes
Turn   | Place    | Note
-------+----------+-------------------------------------------
     0 | D:1      | qw the Spriggan Hunter began the quest for the Orb.
     0 | D:1      | Reached XP level 1. HP: 10/10 MP: 2/2
     0 | D:1      | 0 ||| qw: Version: 0.3-a-155-g5e7d8dd
     0 | D:1      | 0 ||| qw: Game counter: 2670
     0 | D:1      | 0 ||| qw: Melee chars always use a shield: true
     0 | D:1      | 0 ||| qw: God list: Okawaru
     0 | D:1      | 0 ||| qw: Allow faded altars: false
     0 | D:1      | 0 ||| qw: Do Orc after clearing Dungeon:15 true
     0 | D:1      | 0 ||| qw: Do second Lair branch before Depths: true
     0 | D:1      | 0 ||| qw: Lair rune preference: random
     0 | D:1      | 0 ||| qw: Goals: Normal
     0 | D:1      | 0 ||| PLANNING D:1-11
    52 | D:1      | Reached skill level 3 in Dodging
   196 | D:1      | Reached XP level 2. HP: 14/14 MP: 3/3
   478 | D:1      | Reached XP level 3. HP: 18/18 MP: 4/4
   784 | D:1      | 784 ||| READING scroll labelled LEANU SOQASM.
   785 | D:1      | 785 ||| DROPPING scroll of butterflies.
  1085 | D:2      | Reached skill level 5 in Ranged Weapons
  1135 | D:2      | HP: 4/18 [gnoll/+0 halberd (7)]
  1145 | D:2      | Reached XP level 4. HP: 8/22 MP: 5/5
  1256 | D:2      | 1256 ||| READING scroll labelled SIOPNE FOMM.
  1260 | D:2      | 1260 ||| DRINKING 2 dark potions.
  1271 | D:3      | 1271 ||| STAIRDANCE
  1311 | D:3      | HP: 3/22 [gnoll/+0 flail (8)]
  1313 | D:3      | Frozen to death by an endoplasm

Levels and vault maps discovered:
D:1:      saegor_arrival_fortress, layout_loops_ring, chequers_decorated_corner,
          minmay_tromino_i4
D:2:      layout_rooms, cheibrodos_gnoll_hut
D:3:      layout_basic, chequers_hall_statues_y, grunt_decor_mini_mirrors,
          uniq_robin

Skill      XL: |  1  2  3 |
---------------+----------+-----
Dodging        | 3 4 |  4.9
Ranged Weapons | 5 |  5.0
Fighting       | |  1.5
Stealth        | |  1.5

Action                     |  1- 3 |  4- 6 || total
---------------------------+-------+-------++-------
   Fire: Shortbow          |   109 |    26 ||   135
    Use: Scroll            |     1 |     1 ||     2
         Potion            |       |     1 ||     1
 Armour: Robe              |     5 |     6 ||    11
  Dodge: Dodged            |    32 |    17 ||    49

Table legend:
 A = Non-vault XP
 B = Vault XP
 C = Vault XP percentage of total XP
 D = Non-vault monster count
 E = Vault monster count
 F = Vault count percentage of total count
                 A         B        C        D         E       F
            +---------+---------+-------+---------+---------+-------
      Total |     129 |      20 |  13.4 |      43 |       5 |  10.4
            +---------+---------+-------+---------+---------+-------
        D:1 |      43 |       3 |   6.5 |      24 |       2 |   7.7
        D:2 |      41 |      17 |  29.3 |      14 |       3 |  17.6
        D:3 |      45 |       0 |   0.0 |       5 |       0 |   0.0
            +---------+---------+-------+---------+---------+-------
